 Dungeon Crawl Stone Soup version 0.31-a0-963-ga325b2283a (webtiles) character file.

Game seed: 1812028383401116434

1812 drugrobin the Basher (level 8, 0/62 HPs)
             Began as a Demigod Delver on Oct 22, 2023.
             Slain by an orc warrior
             ... wielding a +0 halberd
              (14 damage)
             ... in a bailey on Oct 24, 2023.
             The game lasted 00:23:17 (6047 turns).

drugrobin the Basher (Demigod Delver)               Turns: 6047, Time: 00:23:18

Health: 0/62       AC:  8    Str: 21    XL:     8   Next: 54%
Magic:  10/10      EV:  8    Int: 12    God:
Gold:   85         SH:  0    Dex: 15    Spells: 7/7 levels left

rFire   . . .        a - +0 arbalest
rCold   . . .        (shield currently unavailable)
rNeg    . . .        J - +0 chain mail
rPois   .            (no helmet)
rElec   .            (no cloak)
rCorr   .            (no gloves)
SInv    +            (no boots)
Will    +....        x - amulet of regeneration Stlth
                     s - ring of see invisible
HPRegen 1.10/turn    I - ring of willpower
MPRegen 0.12/turn

%: no passive effects
@: hasted, very quick
A: high MP 1, forlorn, divine attributes
a: no special abilities


You were in a bailey.
You visited 1 branch of the dungeon, and saw 7 of its levels.
You also visited: Bailey.

You collected 376 gold pieces.
You spent 291 gold pieces at shops.

Inventory:

Hand Weapons
 a - a +0 arbalest (weapon)
 b - a +1 vampiric whip
 c - a +0 mace
 d - a +1 whip of freezing
 H - a +0 sling
Missiles
 h - 6 boomerangs
 y - 2 javelins
 D - 6 poisoned darts
Armour
 j - a +0 leather armour
 B - a +0 chain mail
 J - a +0 chain mail (worn)
Jewellery
 r - an amulet of guardian spirit
 s - a ring of see invisible (left hand)
 x - an amulet of regeneration (around neck)
 I - a ring of willpower (right hand)
Wands
 g - a wand of digging (2)
 A - a wand of polymorph (6)
Scrolls
 e - a scroll of fear
 l - a scroll of brand weapon {unknown}
 m - 2 scrolls of enchant armour {unknown}
 n - 4 scrolls of teleportation
 o - a scroll of amnesia {unknown}
 p - 5 scrolls of identify {unknown}
 q - 2 scrolls of vulnerability {unknown}
 t - a scroll of fog
 u - 3 scrolls of acquirement {unknown}
 w - 2 scrolls of noise {unknown}
 E - 2 scrolls of immolation {unknown}
 F - a scroll of revelation
Potions
 f - a potion of haste
 i - 3 potions of curing
 k - 4 potions of lignification
 v - 5 potions of heal wounds {unknown}
 z - a potion of resistance {unknown}
 C - a potion of degeneration {unknown}
 G - 3 potions of might
 K - a potion of cancellation {unknown}
 L - a potion of mutation {unknown}
 M - a potion of invisibility {unknown}


   Skills:
 - Level 2.6 Fighting
 + Level 10.7 Maces & Flails
 - Level 1.7 Dodging
 - Level 4.5 Stealth


You had 7 spell levels left.
You didn't know any spells.
Your spell library contained the following spells:

 Spells                   Type           Power      Damage    Failure   Level
 Volatile Blastmotes      Fire/Tloc      0%         2d10      100%        3
 Fulminant Prism          Conj/Hex       0%         3d5       100%        4
 Iskenderun's Mystic Bla  Conj/Tloc      0%         2d3       100%        4


Dungeon Overview and Level Annotations

Branches:
Dungeon (7/15)             Temple (0/1) D:5          Bailey (1/1)

Shops:
D:4 *   D:6 !

Annotations:
D:2 1 runed translucent door, Crazy Yiuf
D:6 exclusion: 2 doors, Dowan, Duvessa


Innate Abilities, Weirdness & Mutations

You have an increased reservoir of magic. (+10% MP)
You shall have no god before yourself.
Your divine heritage dramatically boosts your attributes as you level up.


Message History

The orcs go into a battle-frenzy!
Unknown command.
Unknown command.
The orc misses you.
The orc warrior hits you from afar with a +0 glaive!
The orc knight roars a battlecry!
The orc goes into a battle-frenzy!
There is an open gate, spattered with blood here.
Unknown command.
Unknown command.
Unknown command.
The orc hits you but does no damage. The orc barely misses you.
Unknown command.
Unknown command.
The orc closely misses you.
The orc warrior attacks as it pursues you!
The orc warrior hits you from afar with a +0 glaive!
Unknown command.
You feel yourself speed up. The orc hits you with a +0 hand axe.
* * * LOW HITPOINT WARNING * * *
The orc barely misses you.
The orc warrior hits you from afar with a +0 glaive.
* * * LOW HITPOINT WARNING * * *
The orc hits you with a +0 hand axe.
* * * LOW HITPOINT WARNING * * *
The orc barely misses you.
An orc warrior comes into view. It is wielding a +0 halberd.
The orc warrior shouts!
Unknown command.
Unknown command.
Unknown command.
Unknown command.
Unknown command.
Unknown command.
Unknown command.
Unknown command.
Unknown command.
Unknown command.
The orc warrior hits you from afar with a +0 halberd!
You die...

###### ####### ##
......###.....#########.
.......'...o...#.....#..
.......'...o#..'.!.o.'..
......o'.o...o.'.!...'..
.......'....#..'.....'..
.......@.......#.....#..
......###.....#########.
###### ####### ##


You could see an orc knight, 2 orc warriors and 2 orcs.

Vanquished Creatures
  Sigmund (D:5)
  A steam dragon (Bailey)
  Menkaure (D:5)
  2 water moccasins
  2 orc warriors (Bailey)
  A black bear (D:4)
  2 ice beasts
  An orc priest (D:4)
  A gnoll bouda (D:4)
  2 hounds
  A sleepcap (D:7)
  3 iguanas
  Natasha (thrice) (D:2)
  6 orc wizards
  5 gnolls (D:5)
  6 adders
  2 shadow imps
  A white imp (D:5)
  A worm (D:5)
  27 orcs
  4 ball pythons
  13 endoplasms
  6 giant cockroaches
  10 hobgoblins
  13 jackals
  3 kobolds
  4 quokkas
  6 bats
  14 frilled lizards
  8 goblins
  7 rats
157 creatures vanquished.

Notes
Turn   | Place    | Note
-------+----------+-------------------------------------------
     0 | D:5      | drugrobin the Demigod Delver began the quest for the Orb.
     0 | D:5      | Reached XP level 1. HP: 18/18 MP: 3/3
    16 | D:5      | Noticed an ice beast
    70 | D:3      | Reached skill level 2 in Maces & Flails
   233 | D:3      | Reached XP level 2. HP: 19/25 MP: 4/4
   459 | D:2      | Reached skill level 3 in Maces & Flails
   503 | D:2      | Reached XP level 3. HP: 30/30 MP: 5/5
  1025 | D:3      | Reached skill level 4 in Maces & Flails
  1133 | D:2      | Found a runed translucent door.
  1134 | D:2      | Noticed Crazy Yiuf
  1312 | D:1      | Reached XP level 4. HP: 33/37 MP: 6/6
  2172 | D:2      | Noticed Natasha
  2201 | D:2      | Killed Natasha
  2202 | D:2      | Reached skill level 5 in Maces & Flails
  2202 | D:2      | Reached XP level 5. HP: 42/42 MP: 7/7
  2230 | D:2      | Noticed Natasha
  2246 | D:2      | Killed Natasha
  2549 | D:2      | Noticed Natasha
  2569 | D:2      | Killed Natasha
  2950 | D:4      | Noticed a black bear
  2958 | D:4      | Killed a black bear
  2959 | D:4      | Reached skill level 6 in Maces & Flails
  2959 | D:4      | Reached XP level 6. HP: 40/50 MP: 6/8
  3230 | D:4      | Found Zeom's Assorted Antiques.
  3319 | D:4      | Bought an encrusted silver wand for 88 gold pieces
  3319 | D:4      | Bought a puce potion for 19 gold pieces
  3319 | D:4      | Bought a scroll labelled ZARPHY IDWUKIL for 22 gold pieces
  3319 | D:4      | Bought a scroll labelled ZARPHY IDWUKIL for 22 gold pieces
  3584 | D:5      | Noticed Sigmund
  3597 | D:5      | Killed Sigmund
  3598 | D:5      | Reached skill level 7 in Maces & Flails
  3624 | D:5      | Found a staircase to the Ecumenical Temple.
  3758 | D:5      | Reached XP level 7. HP: 44/56 MP: 9/9
  3762 | D:5      | Identified the +1 ring mail "Eturagh" {+Inv Slay-4 SInv}
  3973 | D:4      | Reached skill level 8 in Maces & Flails
  4344 | D:5      | Noticed Menkaure
  4355 | D:5      | Killed Menkaure
  4356 | D:5      | Reached skill level 9 in Maces & Flails
  4817 | D:6      | Noticed Duvessa
  4822 | D:6      | Reached XP level 8. HP: 57/62 MP: 10/10
  4822 | D:6      | Noticed Dowan
  4846 | D:6      | Duvessa changed into Duvessa the endoplasm
  4846 | D:6      | Noticed Duvessa
  4851 | D:6      | Upgraded the game from 0.31-a0-949-g57150269e1 to
                  | 0.31-a0-963-ga325b2283a
  4852 | D:6      | HP: 3/62 [frozen (5)]
  4854 | D:6      | HP: 1/62 [Duvessa the endoplasm (3)]
  4930 | D:6      | Found Kyroder's Distillery.
  4942 | D:6      | Bought a potion of curing for 42 gold pieces
  4942 | D:6      | Bought a potion of might for 56 gold pieces
  4942 | D:6      | Bought a potion of lignification for 42 gold pieces
  5502 | D:7      | Found a flagged portal.
  5543 | Bailey   | Entered a bailey
  5563 | Bailey   | Reached skill level 10 in Maces & Flails
  5929 | Bailey   | Noticed an orc knight
  6047 | Bailey   | Slain by an orc warrior

Illustrated notes

Levels and vault maps discovered:
D:1:      minmay_arrival_semitransparent, layout_basic,
          shapermc_ecumenical_altar_mp_vishouse, hangedman_decor_diamond_cutter
D:2:      layout_rooms, basic_altar, uniq_natasha, uniq_crazy_yiuf_cottage
D:3:      layout_basic, nemelex_diamond_rough_becter, portal_sewer_entry_e,
          minmay_lizard_king
D:4:      layout_cave_pools, mainiacjoe_overflow_paths,
          nicolae_kikubaaqudgha_miasma_corner, serial_shops, shop,
          palyth_stone_intersect
D:5:      layout_cave_pools, temple_pool_b, serial_bayou_crossing, uniq_sigmund,
          uniq_menkaure
D:6:      layout_basic, led_xom_imps, nicolae_tso_swordbearing_angel,
          serial_shops, shop, uniq_duvessa
D:7:      kennysheep_six_static_rooms, layout_basic,
          mainiacjoe_overflow_24_doors, enter_bailey_5, grunt_decor_clamped,
          minmay_misc_feat_room
Bailey:   bailey_polearm_5, bailey

Skill      XL: |  1  2  3  4  5  6  7  8 |
---------------+-------------------------+-----
Maces & Flails | 2 3 4 5 6 7 9 10 | 10.7
Fighting       | |  2.6
Dodging        | |  1.7
Stealth        | |  4.5

Action                     |  1- 3 |  4- 6 |  7- 9 || total
---------------------------+-------+-------+-------++-------
  Melee: Mace              |    84 |     8 |       ||    92
         Punch             |     2 |     2 |     2 ||     6
         Whip              |    56 |   251 |   329 ||   636
         Unarmed           |       |    15 |       ||    15
   Fire: Sling             |       |    13 |       ||    13
         Arbalest          |       |       |    33 ||    33
  Throw: Boomerang         |    14 |     7 |     4 ||    25
  Evoke: Wand              |       |     1 |    11 ||    12
    Use: Scroll            |     1 |       |     4 ||     5
         Potion            |       |       |     2 ||     2
   Stab: Sleeping          |    10 |     6 |       ||    16
         Invisible         |       |     1 |       ||     1
 Armour: Leather armour    |    70 |   144 |       ||   214
         Chain mail        |       |    13 |   255 ||   268
         Skin              |       |     2 |       ||     2
  Dodge: Dodged            |    76 |   180 |   121 ||   377

Table legend: (Time is in decaauts)
 A = Elapsed time spent in this place.
 B = Non-inter-level travel time spent in this place.
 C = Inter-level travel time spent in this place.
 D = Time resting spent in this place.
 E = Time spent auto-exploring this place.
 F = Levels seen in this place.
 G = Mean time per level.
                   A        B        C        D        E       F      G
               +--------+--------+--------+--------+--------+-----+--------+
         Total |   5959 |   5589 |    370 |    442 |   3004 |   8 |  744.9 |
       Dungeon |   5470 |   5100 |    370 |    349 |   2918 |   7 |  781.4 |
        Bailey |    489 |    489 |      0 |     93 |     86 |   1 |  489.0 |
               +--------+--------+--------+--------+--------+-----+--------+

Top non-repeatable levels by time:
     D:2: 1083 daAuts
     D:3: 896 daAuts
     D:4: 873 daAuts
     D:1: 802 daAuts
     D:5: 797 daAuts
     D:6: 698 daAuts
  Bailey: 489 daAuts
     D:7: 318 daAuts
